 Dungeon Crawl Stone Soup version 0.29-a0-359-g541a27f54d (webtiles) character file.

Game seed: 15566883980420641630

3632 Querens the Thaumaturge (level 9, -5/45 HPs)
             Began as a Deep Elf Conjurer on Apr 27, 2022.
             Killed by divine providence
             ... invoked by an orc priest
              (14 damage)
             ... on level 7 of the Dungeon.
             The game lasted 00:22:34 (4064 turns).

Querens the Thaumaturge (Deep Elf Conjurer)         Turns: 4064, Time: 00:22:34

Health: -5/45      AC:  5    Str:  7    XL:     9   Next: 87%
Magic:  22/26      EV: 12    Int: 28    God:
Gold:   549        SH:  0    Dex: 13    Spells: 16/30 levels left

rFire   + . .      SeeInvis .   j - staff of conjuration
rCold   . . .      Faith    .   (no shield)
rNeg    . . .      Spirit   .   J - +1 robe of the Rose {rElec rF+}
rPois   +          Reflect  .   (no helmet)
rElec   +          Harm     .   E - +0 cloak of the Trilobite {rPois Regen+ Stlth-}
rCorr   .          Rampage  .   (no gloves)
Will    +....                   P - +0 pair of boots
Stlth   +.........              I - amulet "Sijonk" {RegenMP Str+3}
HPRegen 0.95/turn               q - ring of willpower
MPRegen 0.60/turn               r - ring of wizardry

@: no status effects
A: no striking features
a: no special abilities


You were on level 7 of the Dungeon.
You visited 1 branch of the dungeon, and saw 7 of its levels.
You also visited: Bailey.

You collected 549 gold pieces.

Inventory:

Hand Weapons
 y - a +5 flail of draining
Armour
 a - a +0 robe
 k - the +1 ring mail of Mezcal {rElec rF+}
   (You found it on level 2 of the Dungeon)

   rF:        It protects you from fire.
   rElec:     It insulates you from electricity.
 s - a scarf of resistance
 E - the +0 cloak of the Trilobite (worn) {rPois Regen+ Stlth-}
   (You found it on level 6 of the Dungeon)

   rPois:     It protects you from poison.
   Regen:     It increases your rate of health regeneration.
   Stlth:     It makes you less stealthy.
 J - the +1 robe of the Rose (worn) {rElec rF+}
   (You found it on level 7 of the Dungeon)

   rF:        It protects you from fire.
   rElec:     It insulates you from electricity.
 P - a +0 pair of boots (worn)
Magical Staves
 j - a staff of conjuration (weapon)
Jewellery
 q - a ring of willpower (left hand)
 r - a ring of wizardry (right hand)
 D - a ring of fire
 G - a ring of fire
 H - an amulet of reflection
 I - the amulet "Sijonk" (around neck) {RegenMP Str+3}
   (You found it on level 6 of the Dungeon)

   [amulet of magic regeneration]

   It increases your rate of magic regeneration.
   Str:       It affects your strength (+3).
 K - a ring of protection from fire
Wands
 x - a wand of mindburst (10)
 C - a wand of iceblast (17)
 F - a wand of charming (5)
Scrolls
 b - a scroll of teleportation {unknown}
 c - 7 scrolls of enchant armour
 d - a scroll of identify
 f - a scroll of fog {unknown}
 g - a scroll of acquirement {unknown}
 m - 3 scrolls of fear
 o - a scroll of brand weapon {unknown}
 p - 2 scrolls of blinking {unknown}
 u - a scroll of noise {unknown}
 v - a scroll of magic mapping {unknown}
 w - a scroll of immolation {unknown}
 O - 7 scrolls of enchant weapon
Potions
 e - 2 potions of mutation
 h - a potion of berserk rage
 i - 2 potions of brilliance
 l - 2 potions of might
 n - 2 potions of lignification
 t - a potion of curing
 z - 2 potions of resistance
 A - 3 potions of haste
 B - 3 potions of flight
 L - 4 potions of heal wounds {unknown}
 M - a potion of invisibility {unknown}
 N - a potion of magic


   Skills:
 - Level 2.4 Dodging
 - Level 2.4 Stealth
 + Level 11.3 Spellcasting
 + Level 10.2 Conjurations
 + Level 8.5 Translocations


You had 16 spell levels left.
You knew the following spells:

 Your Spells              Type           Power      Damage    Failure   Level
a - Magic Dart            Conj           100%       1d8       1%          1
b - Searing Ray           Conj           100%       2d8       1%          2
c - Iskenderun's Mystic   Conj/Tloc      80%        2d16      1%          4
d - Fulminant Prism       Conj/Hex       30%        3d16      1%          4
e - Mephitic Cloud        Conj/Pois/Air  51%        N/A       1%          3

Your spell library contained the following spells:

 Spells                   Type           Power      Damage    Failure   Level
 Summon Small Mammal      Summ           60%        N/A       1%          1
 Dazzling Flash           Conj/Hex       100%       N/A       1%          3
 Call Canine Familiar     Summ           15%        N/A       4%          3
 Ignite Poison            Fire/Tmut/Pois 15%        N/A       4%          3
 Summon Guardian Golem    Hex/Summ       15%        N/A       4%          3
 Freezing Cloud           Conj/Ice/Air   25%        6-21      10%         5


Dungeon Overview and Level Annotations

Branches:
Dungeon (7/15)             Bailey (visited)
 Temple: D:4-7

Altars:
Kikubaaqudgha
Uskayaw

Shops:
D:4 (

Annotations:
D:6 4 runed translucent doors


Message History

P - a +0 pair of boots You start putting on your armour.
You continue putting on your +0 pair of boots. x4
You finish putting on your +0 pair of boots.
The orc priest shouts!
You hear a shout!
A centaur comes into view.
The centaur moves out of view.
The centaur shouts!
The centaur wields a +0 shortbow.
The centaur shoots an arrow.
The arrow hits you!
The orc priest looks satisfied for a moment.
You hear a shout!
An orc comes into view. It is wielding a +0 dagger.
The orc shouts!
The centaur shoots an arrow.
The arrow hits you!
You hear a shout!
An orc priest and 2 orcs come into view.
The orc priest shouts!
The orc shouts!
The orc priest begins to cast a cantrip, but forgets the words!
The centaur shoots an arrow.
The arrow hits you!
The orc priest hits you but does no damage.
The centaur shoots an arrow.
The arrow hits you.
The orc priest calls down the wrath of Beogh upon you.
Beogh smites you!
* * * LOW HITPOINT WARNING * * *
Casting: Iskenderun's Mystic Blast (safe; 1% risk of failure)
Confirm with . or Enter, or press ? or * to list all spells.
You feel a surge of power!
You erupt in a blast of force!
The mystic blast hits the centaur!!
The centaur is severely wounded.
The centaur is knocked back by the mystic blast.
The centaur collides with the orc!
You kill the orc!
You kill the centaur!
The mystic blast hits the orc priest!!
You kill the orc priest!
The mystic blast hits the orc!
You kill the orc!
The orc priest mumbles some strange prayers to Beogh against you.
Beogh smites you!
You die...

### ##..# ###.##
#...# #....###...# ##
##....##....# ..#
#..>.......## ..#
##.......#..## #..###
##...#####...##.....#
#.#..# #.........##
##.##.#.#
##..)@.....#
##.........
#..)...#...#
#.......#.. #...)...#
..
...........##...).o##
#......##..##....o.#
#...##..#.. #..#....
##...#.... ..##.....
#.....#... .##
....... ##..#.# .#


You could see an orc priest and an orc.

Vanquished Creatures
  An orc knight (Bailey)
  Sigmund (D:6)
  A yak (D:6)
  A shadow (D:6)
  Edmund (D:5)
  Duvessa (D:7)
  A water moccasin (D:6)
  4 orc warriors (Bailey)
  2 sky beasts (D:7)
  2 ice beasts
  A black bear (D:6)
  An ogre (D:4)
  2 centaurs
  A phantom (D:6)
  3 bullfrogs (D:6)
  A gnoll sergeant (D:6)
  4 scorpions
  Dowan (D:7)
  3 killer bees (D:7)
  A howler monkey (D:7)
  2 orc priests
  4 hounds
  4 iguanas
  Ijyb (D:5)
  3 orc wizards
  7 gnolls
  8 adders
  3 white imps
  An ufetubus (D:5)
  2 worms
  4 dart slugs
  41 orcs
  5 endoplasms
  5 giant cockroaches
  9 goblins
  4 hobgoblins (D:1)
  3 jackals (D:5)
  10 ball pythons
  6 bats
  8 frilled lizards
  7 kobolds
  5 rats
175 creatures vanquished.

Vanquished Creatures (others)
  4 plants
4 creatures vanquished.

Grand Total: 179 creatures vanquished

Notes
Turn   | Place    | Note
-------+----------+-------------------------------------------
     0 | D:1      | Querens the Deep Elf Conjurer began the quest for the Orb.
     0 | D:1      | Reached XP level 1. HP: 10/10 MP: 6/6
   155 | D:1      | Reached XP level 2. HP: 15/15 MP: 1/8
   411 | D:1      | Learned a level 2 spell: Searing Ray
   463 | D:1      | Found a faded altar of an unknown god.
   505 | D:1      | Reached skill level 4 in Spellcasting
   562 | D:2      | Reached skill level 5 in Conjurations
   562 | D:2      | Reached XP level 3. HP: 19/19 MP: 4/10
   749 | D:2      | Found an ancient bone altar of Kikubaaqudgha.
   894 | D:2      | Reached XP level 4. HP: 22/24 MP: 6/12
   899 | D:2      | Learned a level 4 spell: Iskenderun's Mystic Blast
   904 | D:2      | Learned a level 4 spell: Fulminant Prism
  1093 | D:2      | Identified the +1 ring mail of Mezcal {rElec rF+}
  1149 | D:3      | Reached skill level 5 in Spellcasting
  1149 | D:3      | Reached skill level 1 in Translocations
  1261 | D:3      | Found a hide-covered altar of Uskayaw.
  1362 | D:3      | Reached XP level 5. HP: 28/28 MP: 7/14
  1656 | D:4      | Noticed an ogre
  1684 | D:4      | Killed an ogre
  1685 | D:4      | Reached skill level 6 in Spellcasting
  1685 | D:4      | Reached XP level 6. HP: 28/32 MP: 4/17
  1805 | D:4      | Found Esijarph's Antique Weapon Shop.
  2092 | D:5      | Entered Level 5 of the Dungeon
  2253 | D:5      | Noticed Ijyb
  2257 | D:5      | Killed Ijyb
  2373 | D:5      | Noticed Edmund
  2377 | D:5      | Reached XP level 7. HP: 19/36 MP: 3/19
  2421 | D:5      | Killed Edmund
  2422 | D:5      | Reached skill level 7 in Spellcasting
  2907 | D:6      | Noticed Sigmund
  2910 | D:6      | Killed Sigmund
  3035 | D:6      | Reached skill level 8 in Spellcasting
  3035 | D:6      | Reached skill level 5 in Translocations
  3035 | D:6      | Reached XP level 8. HP: 18/41 MP: 2/22
  3198 | D:6      | Identified the +0 cloak of the Trilobite {rPois Regen+
                  | Stlth-}
  3327 | D:6      | Found a large runed translucent door.
  3327 | D:6      | Found a large runed translucent door.
  3332 | D:6      | Noticed a boulder beetle
  3362 | D:6      | Reached skill level 9 in Spellcasting
  3438 | D:6      | Found a large runed translucent door.
  3438 | D:6      | Found a large runed translucent door.
  3493 | D:6      | Reached XP level 9. HP: 36/45 MP: 3/24
  3496 | D:6      | Identified the amulet "Sijonk" {RegenMP Str+3}
  3639 | D:7      | Reached skill level 10 in Spellcasting
  3646 | D:7      | Identified the +1 robe of the Rose {rElec rF+}
  3704 | D:7      | Found a flagged portal.
  3733 | D:7      | Noticed Duvessa
  3737 | D:7      | Noticed Dowan
  3758 | Bailey   | Entered a bailey
  3918 | Bailey   | Learned a level 3 spell: Mephitic Cloud
  3929 | Bailey   | Noticed an orc knight
  3968 | Bailey   | Killed an orc knight
  3969 | Bailey   | Reached skill level 11 in Spellcasting
  3969 | Bailey   | Reached skill level 10 in Conjurations
  4013 | D:7      | Killed Dowan
  4013 | D:7      | Killed Duvessa
  4064 | D:7      | Killed from afar by an orc priest

Illustrated notes

Levels and vault maps discovered:
D:1:      eino_arrival_water_star, layout_rooms,
          shapermc_ecumenical_altar_mp_vishouse, st_stairs_3,
          amcnicky_mini_rare_corridor_liquid
D:2:      layout_basic, basic_altar
D:3:      layout_rooms, mainiacjoe_overflow_alcove_4
D:4:      layout_loops_cross, serial_shops, shop_statue, serial_forest,
          infiniplex_forest_straight_1, infiniplex_forest_lined_2,
          infiniplex_forest_corner_1, infiniplex_forest_clump_diagonal,
          infiniplex_forest_end_1, infiniplex_forest_side_room,
          infiniplex_forest_lined_2, infiniplex_forest_clump_double,
          grunt_ministairs_15, minivault_11
D:5:      layout_basic, uniq_ijyb, uniq_edmund
D:6:      layout_rooms, roderic_three_in_a_row, minmay_hollow_rounded_squares,
          uniq_sigmund
D:7:      layout_cave_pools, minmay_temple_entry_gardened_gates, enter_bailey_8,
          uniq_duvessa

Skill      XL: |  1  2  3  4  5  6  7  8  9 |
---------------+----------------------------+-----
Spellcasting   | 4 5 6 8 9 11 | 11.3
Conjurations   | 5 6 7 8 10 | 10.2
Translocations | 1 2 3 5 6 8 |  8.5
Dodging        | |  2.4
Stealth        | |  2.4

Action                   |  1- 3 |  4- 6 |  7- 9 || total
-------------------------+-------+-------+-------++-------
Melee: Unarmed           |     1 |       |       ||     1
       Staff             |       |    16 |    25 ||    41
 Cast: Magic Dart        |    57 |    26 |     6 ||    89
       Searing Ray       |     4 |    27 |    25 ||    56
       Iskenderun's Myst |       |     2 |    43 ||    45
       Mephitic Cloud    |       |       |     3 ||     3
Evoke: Wand              |       |       |     9 ||     9
  Use: Scroll            |       |       |    12 ||    12
       Potion            |       |       |     1 ||     1
 Stab: Sleeping          |       |     1 |       ||     1
Armor: Robe              |     3 |     1 |    14 ||    18
Dodge: Dodged            |    10 |    12 |    54 ||    76
Block: Other             |       |       |     7 ||     7

Table legend: (Time is in decaauts)
 A = Elapsed time spent in this place.
 B = Non-inter-level travel time spent in this place.
 C = Inter-level travel time spent in this place.
 D = Time resting spent in this place.
 E = Time spent auto-exploring this place.
 F = Levels seen in this place.
 G = Mean time per level.
                   A        B        C        D        E       F      G
               +--------+--------+--------+--------+--------+-----+--------+
         Total |   4072 |   3755 |    317 |     84 |      0 |   8 |  509.0 |
       Dungeon |   3824 |   3507 |    317 |      9 |      0 |   7 |  546.3 |
        Bailey |    248 |    248 |      0 |     75 |      0 |   1 |  248.0 |
               +--------+--------+--------+--------+--------+-----+--------+

Top non-repeatable levels by time:
     D:5: 814 daAuts
     D:6: 716 daAuts
     D:4: 661 daAuts
     D:2: 581 daAuts
     D:1: 552 daAuts
     D:3: 299 daAuts
  Bailey: 248 daAuts
     D:7: 197 daAuts
